 Dungeon Crawl Stone Soup version 0.31-a0-625-gc9c7e45f3f (console) character file.

Game seed: 11497416016675794118

37 Ignak the Gusty (level 3, -3/25 HPs)
             Began as a Gnoll Air Elementalist on Aug 24, 2023.
             Slain by an iguana (8 damage)
             ... on level 4 of the Dungeon.
             The game lasted 00:02:08 (1190 turns).

Ignak the Gusty (Gnoll Air Elementalist)            Turns: 1190, Time: 00:02:08

Health: -3/25      AC:  3    Str:  7    XL:     3   Next: 39%
Magic:  9/9        EV: 13    Int: 16    God:
Gold:   57         SH:  0    Dex: 12    Spells: 11/12 levels left

rFire   . . .        d - +0 war axe
rCold   . . .        (no shield)
rNeg    + . .        a - +0 robe
rPois   .            k - +0 helmet
rElec   .            (no cloak)
rCorr   .            (no gloves)
SInv    .            (no boots)
Will    .....        (no amulet)
Stlth   ++           j - ring of positive energy
HPRegen 0.24/turn    (no ring)
MPRegen 0.11/turn

%: no passive effects
@: no status effects
A: fangs 1, strong nose, distributed training
a: no special abilities


You were on level 4 of the Dungeon.
You visited 1 branch of the dungeon, and saw 4 of its levels.

You collected 57 gold pieces.

Inventory:

Hand Weapons
 d - a +0 war axe (weapon)
 f - a +0 dagger
Armour
 a - a +0 robe (worn)
 k - a +0 helmet (worn)
Magical Staves
 e - a staff of fire
Jewellery
 g - an amulet of faith
 j - a ring of positive energy (left hand)
Potions
 b - a potion of magic
 c - 3 potions of curing {unknown}
 h - a potion of haste {unknown}
 i - 2 potions of heal wounds {unknown}


   Skills:
 + Level 0.8 Fighting
 + Level 0.8 Short Blades
 + Level 0.8 Long Blades
 + Level 0.8 Axes
 + Level 0.8 Maces & Flails
 + Level 0.8 Polearms
 + Level 0.8 Staves
 + Level 0.8 Ranged Weapons
 + Level 0.8 Throwing
 + Level 0.8 Armour
 + Level 4.5 Dodging
 + Level 4.1 Stealth
 + Level 0.8 Shields
 + Level 0.8 Unarmed Combat
 + Level 5.0 Spellcasting
 + Level 2.1 Conjurations
 + Level 0.5 Hexes
 + Level 0.5 Summonings
 + Level 0.5 Necromancy
 + Level 0.5 Translocations
 + Level 0.5 Transmutations
 + Level 0.5 Fire Magic
 + Level 0.5 Ice Magic
 + Level 5.4 Air Magic
 + Level 0.5 Earth Magic
 + Level 0.5 Poison Magic
 + Level 1.0 Invocations
 + Level 0.8 Evocations
 + Level 0.7 Shapeshifting


You had 11 spell levels left.
You knew the following spells:

 Your Spells              Type           Power      Damage    Failure   Level
a - Shock                 Conj/Air       64%        1d7       3%          1

Your spell library contained the following spells:

 Spells                   Type           Power      Damage    Failure   Level
 Static Discharge         Conj/Air       32%        2-4/arc   4%          2
 Swiftness                Air            21%        N/A       4%          3
 Airstrike                Air            10%        2d(2-18)  16%         4


Dungeon Overview and Level Annotations

Branches:
Dungeon (4/15)
 Temple: D:4-7

Altars:


Innate Abilities, Weirdness & Mutations

You have very sharp teeth.
Your uncanny sense of smell can sniff out nearby items.
Your experience applies equally to all skills.


Message History

You see here a ball python corpse.
You see here a +0 helmet.
k - a +0 helmet You start putting on your armour.
You continue putting on your +0 helmet. x4
You finish putting on your +0 helmet.
j - a ring of positive energy (left hand)
An adder comes into view.
An adder is nearby!
A quokka comes into view.
A quokka is nearby!
Found a stone staircase leading down.
You barely miss the quokka.
The quokka twitches its whiskers.
The quokka misses you.
You hit the quokka.
The quokka is severely wounded.
The quokka bites you. x2
You barely miss the quokka.
The quokka is severely wounded.
The quokka bites you but does no damage.
The quokka bites you.
You hit the quokka.
You kill the quokka!
Your Invocations skill increases to level 1!
You see here a quokka corpse.
There is a stone staircase leading down here.
There is a stone staircase leading down here.
You climb downwards.
Found 11 gold pieces and a flail.
There is a stone staircase leading up here.
The helpless endoplasm fails to defend itself.
You slash the endoplasm!
You kill the endoplasm!
The helpless iguana fails to defend itself.
You hit the iguana but do no damage. You bite the iguana, but do no damage.
The iguana bites you!
You barely miss the iguana. The iguana bites you!
* * * LOW HITPOINT WARNING * * *
The iguana bites you!
You die...

#########
#.......#
#.......#
#.......#
#.......#
#.....l.##
..#....@...##..
..$....<.......
#.##............
.##
.....h......#)#..
..##...###.....##
# . ##..#..#
#..##.#
#......###... .#
###.#.w..##..##
.. #...#..#..#.##
..


You could see a black bear (asleep) and an iguana.

Vanquished Creatures
  An orc (D:3)
  3 ball pythons
  An endoplasm (D:4)
  2 giant cockroaches (D:1)
  7 goblins (D:1)
  2 hobgoblins
  4 jackals
  2 quokkas
  A frilled lizard (D:1)
  2 kobolds (D:1)
  4 rats (D:1)
29 creatures vanquished.

Notes
Turn   | Place    | Note
-------+----------+-------------------------------------------
     0 | D:1      | Ignak the Gnoll Air Elementalist began the quest for the
                  | Orb.
     0 | D:1      | Reached XP level 1. HP: 13/13 MP: 6/6
   240 | D:1      | Reached XP level 2. HP: 19/19 MP: 5/7
   766 | D:1      | Reached XP level 3. HP: 16/25 MP: 9/9
   994 | D:1      | Reached skill level 5 in Spellcasting
  1079 | D:2      | You fall into a shaft and drop 2 floors!
  1180 | D:3      | Reached skill level 1 in Invocations
  1186 | D:4      | Noticed a black bear
  1190 | D:4      | Slain by an iguana

Illustrated notes

Levels and vault maps discovered:
D:1:      giann_horns, layout_loops_ring
D:2:      minmay_door_path, layout_loops_corners, basic_altar,
          minmay_fractal_squares_gapless_5
D:3:      layout_basic, serial_corexii_hall, corexii_hall_statues_u,
          corexii_hall_statues_x, corexii_hall_statues_s,
          corexii_hall_statues_i, corexii_hall_statues_t,
          chequers_hall_statues_y, due_unseen_surprise
D:4:      layout_rooms, nicolae_overflow_macrodata_refinement,
          uniq_crazy_yiuf_cottage

Skill      XL: |  1  2  3 |
---------------+----------+-----
Conjurations   | 2 |  2.1
Spellcasting   | 5 |  5.0
Invocations    | 1 |  1.0
Fighting       | |  0.8
Short Blades   | |  0.8
Long Blades    | |  0.8
Axes           | |  0.8
Maces & Flails | |  0.8
Polearms       | |  0.8
Staves         | |  0.8
Ranged Weapons | |  0.8
Throwing       | |  0.8
Armour         | |  0.8
Dodging        | |  4.5
Stealth        | |  4.1
Shields        | |  0.8
Unarmed Combat | |  0.8
Hexes          | |  0.5
Summonings     | |  0.5
Necromancy     | |  0.5
Translocations | |  0.5
Transmutations | |  0.5
Fire Magic     | |  0.5
Ice Magic      | |  0.5
Air Magic      | |  5.4
Earth Magic    | |  0.5
Poison Magic   | |  0.5
Evocations     | |  0.8
Shapeshifting  | |  0.7

Action                     || total
---------------------------++-------
  Melee: Club              ||     8
         Unarmed           ||     6
         Bite              ||     8
         War axe           ||    46
   Cast: Shock             ||    15
   Stab: Sleeping          ||     9
 Armour: Robe              ||    14
  Dodge: Dodged            ||    65

Table legend: (Time is in decaauts)
 A = Elapsed time spent in this place.
 B = Non-inter-level travel time spent in this place.
 C = Inter-level travel time spent in this place.
 D = Time resting spent in this place.
 E = Time spent auto-exploring this place.
 F = Levels seen in this place.
 G = Mean time per level.
                   A        B        C        D        E       F      G
               +--------+--------+--------+--------+--------+-----+--------+
         Total |   1214 |   1189 |     25 |     51 |    758 |   4 |  303.5 |
       Dungeon |   1214 |   1189 |     25 |     51 |    758 |   4 |  303.5 |
               +--------+--------+--------+--------+--------+-----+--------+

Top non-repeatable levels by time:
     D:1: 1061 daAuts
     D:3: 91 daAuts
     D:2: 38 daAuts
     D:4: 22 daAuts
